 Dungeon Crawl Stone Soup version 0.32-a0-473-gd044c6f0f0 (webtiles) character file.

Game seed: 14436316856868508614

6 ezpacito the Trooper (level 1, -5/18 HPs)
             Began as a Demonspawn Chaos Knight on Feb 25, 2024.
             Was a Plaything of Xom.
             Slain by a gnoll
             ... wielding a +0 flail
              (10 damage)
             ... on level 1 of the Dungeon.
             The game lasted 00:00:50 (155 turns).

ezpacito the Trooper (Demonspawn Chaos Knight)       Turns: 155, Time: 00:00:51

Health: -5/18      AC:  5    Str: 12    XL:     1   Next: 75%
Magic:  1/1        EV: 11    Int: 12    God:    Xom [..*...]
Gold:   0          SH:  0    Dex: 12    Spells: 0/0 levels left

rFire   . . .        a - +0 hand axe (chaos)
rCold   . . .        (no shield)
rNeg    . . .        b - +2 leather armour
rPois   .            (no helmet)
rElec   .            (no cloak)
rCorr   .            (no gloves)
SInv    .            (no boots)
Will    .....        (no amulet)
Stlth   +            (no ring)
HPRegen 0.23/turn    (no ring)
MPRegen 0.07/turn

%: no passive effects
@: brilliant
A: no striking features
a: Renounce Religion


You were on level 1 of the Dungeon.
You worshipped Xom.
You were a toy of Xom.
You visited 1 branch of the dungeon, and saw 1 of its levels.

Inventory:

Hand Weapons
 a - a +0 hand axe of chaos (weapon)
Armour
 b - a +2 leather armour (worn)
Scrolls
 c - a scroll of butterflies
 d - a scroll of enchant weapon {unknown}
 e - a scroll of revelation {unknown}
 f - a scroll of identify {unknown}


   Skills:
 * Level 3.0 Fighting
 * Level 2.7 Axes
 + Level 0.0(1.5) Polearms
 * Level 1.8 Armour
 * Level 1.0 Dodging
 + Level 0.0 Stealth
 * Level 0.4 Unarmed Combat
 + Level 0.0 Spellcasting


You couldn't memorise any spells.
You didn't know any spells.
Your spell library was empty.

Dungeon Overview and Level Annotations

Branches:
Dungeon (1/15)

Altars:


Message History

The gnoll barely misses you.
You closely miss the gnoll.
The gnoll is moderately wounded.
The gnoll hits you with a +0 flail.
You are too injured to fight recklessly!
You are too injured to fight recklessly!
You are too injured to fight recklessly!
You are too injured to fight recklessly!
You swap places.
The gnoll attacks as it pursues you! The gnoll barely misses you.
You see here an inky potion.
The gnoll misses your butterfly.
You aren't carrying any potions.
The gnoll misses your butterfly.
You swap places.
You swap places.
The gnoll barely misses your butterfly.
You swap places.
The gnoll closely misses your butterfly.
The gnoll closely misses your butterfly.
Your butterfly disappears in a puff of smoke! x2
The gnoll barely misses your butterfly.
Your butterfly disappears in a puff of smoke!
You almost hear Xom's maniacal laughter.
The water briefly glows.
Your butterfly disappears in a puff of smoke!
Found a scroll labelled FYSTRO XISTRUZXO.
You closely miss the gnoll.
The gnoll is moderately wounded.
The gnoll barely misses you.
You hit the gnoll but do no damage.
The gnoll is moderately wounded.
The gnoll hits you with a +0 flail!
Ouch! That really hurt!
* * * LOW HITPOINT WARNING * * *
You hit the gnoll.
The gnoll is heavily wounded.
The gnoll closely misses you. The gnoll hits you with a +0 flail!
Ouch! That really hurt!
You die...
Xom chortles!

..##.#≈≈~~P.....P~≈≈≈#
.###.#≈≈≈≈≈P.<.P~~≈≈≈#
.....#≈≈≈~P.....P~~≈≈#
######≈~≈P.......P≈≈≈#
#~~P.........P~~#
#~P......g....P≈#
#P.............P#
#......#..#######
######.##.g@.#
#.#####......# #.#
.....##.. .##...... ..
....## #. ....# ##
?...# ....#


You could see a gnoll.

Vanquished Creatures
  A dart slug (D:1)
  A bat (D:1)
  A quokka (D:1)
  A frilled lizard (D:1)
4 creatures vanquished.

Vanquished Creatures (others)
  An endoplasm (D:1)
1 creature vanquished.

Grand Total: 5 creatures vanquished

Notes
Turn   | Place    | Note
-------+----------+-------------------------------------------
     0 | D:1      | ezpacito the Demonspawn Chaos Knight began the quest for
                  | the Orb.
     0 | D:1      | Reached XP level 1. HP: 18/18 MP: 1/1
    53 | D:1      | Reached skill level 1 in Dodging
   112 | D:1      | XOM: potion effect (brilliance)
   113 | D:1      | XOM: butterfly on damage
   132 | D:1      | XOM: silly message
   155 | D:1      | Slain by a gnoll

Illustrated notes

Levels and vault maps discovered:
D:1:      eino_arrival_druids_welcome, layout_rooms,
          chequers_ecumenical_altar_grove, dreamdust_princess_bridge

Skill      XL: |  1 |
---------------+----+-----
Dodging        | 1 |  1.0
Fighting       | |  3.0
Axes           | |  2.7
Armour         | |  1.8
Unarmed Combat | |  0.4

Action                     || total
---------------------------++-------
  Melee: Hand axe          ||    21
 Armour: Leather armour    ||    11
  Dodge: Dodged            ||    14

Table legend: (Time is in decaauts)
 A = Elapsed time spent in this place.
 B = Non-inter-level travel time spent in this place.
 C = Inter-level travel time spent in this place.
 D = Time resting spent in this place.
 E = Time spent auto-exploring this place.
 F = Levels seen in this place.
 G = Mean time per level.
                   A        B        C        D        E       F      G
               +--------+--------+--------+--------+--------+-----+--------+
         Total |    158 |    158 |      0 |      0 |     83 |   1 |  158.0 |
       Dungeon |    158 |    158 |      0 |      0 |     83 |   1 |  158.0 |
               +--------+--------+--------+--------+--------+-----+--------+

Top non-repeatable levels by time:
     D:1: 158 daAuts
